[Event "Pia Cramling Ladies Open 2018"]
[Site "Stockholm"]
[Date "2018.09.01"]
[Round "3"]
[White "Fransson, Angelina"]
[Black "Agrest, Inna"]
[Result "0-1"]
[ECO "C55"]
[WhiteElo "2004"]
[BlackElo "2283"]
[Annotator "NA"]
[PlyCount "60"]
[EventDate "2018.09.01"]
[EventType "swiss"]
[EventCountry "SWE"]
[SourceTitle "playchess.com"]
[Source "ChessBase"]
[SourceQuality "1"]
[TimeControl "1800+10"]

1. e4 e5 2. Nf3 Nc6 3. d4 exd4 4. Bc4 Nf6 5. e5 d5 6. Bb5 Ne4 7. Nxd4 {[%emt 0:00:07] LiveBook: 982 Games} Bc5 8. Nxc6 {[%emt 0:05:34] C56: Two Knights: 4 d4 exd4 5 0-0 Nxe4} (8. Be3 O-O 9. Nxc6 bxc6 10. Bxc5 Nxc5 11. Bxc6 Rb8 12. O-O Rxb2 13. Qxd5 Qxd5 14. Bxd5 Rxc2 15. Na3 Re2 16. Rac1 Nd3 17. Rxc7 Be6 18. Bb3 a5 19. Ra7 Bxb3 20. axb3 Rxe5 {1-0 (31) Nakamura,H (2798)-Onischuk,A (2665) Saint Louis 2015}) 8... Bxf2+ 9. Kf1 Qh4 10. Qf3 Bg4 $146 ({Predecessor:} 10... a6 11. Ba4 Bd7 12. e6 fxe6 13. Nd2 Rf8 14. Ne5 Bxa4 15. Qd3 Bd4+ 16. Nef3 Qf2# {0-1 (16) Blanco Estebanez,C-Chans Farina,J (2103) Oviedo 2003}) 11. Qf4 g5 12. Nd4+ c6 13. Nf5 gxf4 14. Nxh4 cxb5 15. Nf3 Rc8 16. c3 Bb6 17. Ke2 Rg8 18. Bxf4 Bf5 19. g3 Nf2 20. Rd1 Nxd1 21. Kxd1 Bg4 22. Nbd2 d4 23. cxd4 Bxd4 24. Rb1 Bb6 25. Ke1 Ke7 26. Ng5 Bf5 27. Nge4 Rc6 28. Rd1 Ba5 $19 29. Bg5+ Ke6 30. Ke2 Bxd2 0-1

[Event "Pia Cramling Ladies Open 2018"]
[Site "Stockholm"]
[Date "2018.09.01"]
[Round "3"]
[White "Mariano-Wågman, Christine Rose"]
[Black "Bengtsson, Siv"]
[Result "1-0"]
[ECO "B23"]
[WhiteElo "1906"]
[BlackElo "2111"]
[Annotator "NA"]
[PlyCount "53"]
[EventDate "2018.09.01"]
[EventType "swiss"]
[EventCountry "SWE"]
[SourceTitle "playchess.com"]
[Source "ChessBase"]
[SourceQuality "1"]
[TimeControl "1800+10"]

1. e4 c5 2. Ne2 Nc6 3. Nbc3 Nf6 4. g3 e6 5. Bg2 d5 6. exd5 exd5 7. Nf4 d4 8. Ncd5 Nxd5 9. Nxd5 Be6 {[%emt 0:01:05] B23: Sizilianisch (Geschlossenes System)} (9... Bd6 10. O-O O-O 11. d3 Be6 12. Qh5 Qd7 13. Re1 Bg4 14. Qh4 Ne5 15. h3 Be6 16. Qh5 Rad8 17. Nf4 Bf5 18. b3 Rfe8 19. Bd2 {1-0 (84) Reinderman,D (2593)-Yu,Y (2677) Wijk aan Zee 2014}) 10. Nf4 Bd7 $146 ({Vorgänger:} 10... Bf5 11. O-O Be7 12. d3 O-O 13. Re1 Qd7 14. a3 Rad8 15. Bd2 Rfe8 16. h3 h6 17. g4 {1-0 (39) Egorov,E (2387)-Taalaibekov,T (2139) Cholpon Ata 2016}) 11. O-O Be7 12. d3 O-O 13. Re1 Rc8 14. Bd2 b5 15. Qh5 g6 16. Qd5 Nb8 17. Re2 Bf6 18. Rae1 Bc6 19. Qb3 c4 20. dxc4 bxc4 21. Qa3 Bxg2 22. Nxg2 Qb6 23. Bb4 Rfd8 $2 (23... d3 $1 $11 {und Schwarz steht sicher.} 24. cxd3 cxd3) 24. Ba5 Qc6 25. Bxd8 Bxd8 (25... Rxd8 $18 26. Nf4 (26. Qxa7 Na6 $16) 26... Kg7) 26. Re8+ Kg7 27. Qf8+ 1-0

[Event "Pia Cramling Ladies Open 2018"]
[Site "Stockholm"]
[Date "2018.09.01"]
[Round "3"]
[White "Berg, Maria"]
[Black "Stromberg, Victoria"]
[Result "1-0"]
[ECO "C00"]
[WhiteElo "1722"]
[BlackElo "1224"]
[Annotator "NA"]
[PlyCount "63"]
[EventDate "2018.09.01"]
[EventType "swiss"]
[EventCountry "SWE"]
[SourceTitle "playchess.com"]
[Source "ChessBase"]
[SourceQuality "1"]
[TimeControl "1800+10"]

1. e4 e6 2. d4 g6 3. Nf3 Bg7 4. Be2 d6 5. O-O Ne7 6. Nc3 Nd7 7. Bg5 a6 8. Qd2 h6 9. Be3 Nf6 10. e5 Ng4 11. exd6 cxd6 12. h3 Nxe3 13. fxe3 Bd7 14. d5 exd5 15. Nxd5 Nxd5 16. Qxd5 Bc6 17. Qb3 O-O 18. Bd3 Qd7 19. Bxg6 d5 20. Bh5 Rae8 21. Nd4 Kh8 22. Rf3 Re5 23. Bg4 Qe7 24. Raf1 Be8 25. Nf5 Qg5 26. Nd6 h5 27. Bc8 f6 28. Qxb7 Bb5 29. R1f2 Rxe3 30. Nf7+ Rxf7 31. Qxf7 Re1+ 32. Kh2 1-0

[Event "Pia Cramling Ladies Open 2018"]
[Site "Stockholm"]
[Date "2018.09.01"]
[Round "3"]
[White "Olsson, Linn"]
[Black "Akerlund, Lucia"]
[Result "1-0"]
[ECO "A56"]
[WhiteElo "1703"]
[BlackElo "1339"]
[Annotator "NA"]
[PlyCount "79"]
[EventDate "2018.09.01"]
[EventType "swiss"]
[EventCountry "SWE"]
[SourceTitle "playchess.com"]
[Source "ChessBase"]
[SourceQuality "1"]
[TimeControl "1800+10"]

1. d4 Nf6 2. c4 c5 3. e3 Nc6 4. Nc3 e5 5. d5 Ne7 6. e4 d6 7. Nf3 Ng6 8. Bg5 Be7 9. a3 O-O 10. Be2 Ne8 11. Be3 a6 12. O-O f5 13. exf5 Rxf5 14. Bd3 Rf6 15. Bg5 Rf8 16. Bxg6 Bxg5 17. Bxe8 Rxe8 18. Ne4 Bg4 19. Nexg5 e4 20. Nxe4 Rxe4 21. Qd3 Bf5 22. Qc3 Qf8 23. Rfe1 Rae8 24. Rxe4 Bxe4 25. Ng5 Bg6 26. Ne6 Qf7 27. b4 b6 28. bxc5 bxc5 29. Qa5 Bf5 30. Re1 h5 31. Qxa6 h4 32. h3 Qg6 33. Kh2 Bxe6 34. dxe6 Rxe6 35. Qc8+ Kf7 36. Qd7+ Kg8 37. Qxe6+ Qxe6 38. Rxe6 Kf7 39. Rxd6 Ke7 40. Rd1 1-0

[Event "Pia Cramling Ladies Open 2018"]
[Site "Stockholm"]
[Date "2018.09.01"]
[Round "3"]
[White "Hellmer, Helena"]
[Black "Puuska, Heini"]
[Result "0-1"]
[ECO "A05"]
[WhiteElo "1436"]
[BlackElo "1961"]
[Annotator "NA"]
[PlyCount "60"]
[EventDate "2018.09.01"]
[EventType "swiss"]
[EventCountry "SWE"]
[SourceTitle "playchess.com"]
[Source "ChessBase"]
[SourceQuality "1"]
[TimeControl "1800+10"]

1. Nf3 Nf6 2. g3 d5 3. d3 h6 4. Bg2 Bf5 5. Nbd2 {[%emt 0:00:04] A07: Réti Opening: New York and Capablanca Systems} (5. c4 dxc4 6. Ne5 c6 7. Nxc4 Nbd7 8. O-O e5 9. b4 Qc7 10. a3 Rd8 11. Bb2 Be7 12. Nbd2 O-O {1-0 (39) Shabalov,A (2533)-Mandiza,F (2368) Chicago 2016}) 5... Nbd7 6. O-O e5 7. c4 (7. e4 $5 dxe4 8. Nxe4 $11) 7... c6 8. Nh4 $146 ({Predecessor:} 8. cxd5 cxd5 9. Qa4 Qb8 10. e4 Be6 11. exd5 Bxd5 12. Re1 b5 13. Qd1 Bd6 14. Nxe5 Bxe5 15. Bxd5 Nxd5 {½-½ (29) Jablonicky,M (2331)-Lintner,I (2089) Tatralandia 2015}) 8... Be6 9. e4 d4 10. Nb3 c5 11. Nf5 g6 12. Nh4 Nh5 13. f4 {[%emt 0:00:40] [#]} exf4 $1 14. Bxf4 (14. Nf5 {war nötig.} fxg3 15. Nxg3) 14... Nxf4 15. Nf5 Nxg2 16. Qe2 Ne3 17. Nxe3 dxe3 18. Qxe3 Bg7 19. Qf2 O-O 20. Qg2 Qc7 21. Kh1 Ne5 22. d4 cxd4 23. Nxd4 Bxc4 24. Rfc1 Qb6 25. Rd1 Rad8 26. b3 Rxd4 27. bxc4 Rxd1+ 28. Rxd1 Rd8 29. Rxd8+ Qxd8 30. Qe2 Qd3 $19 0-1

[Event "Pia Cramling Ladies Open 2018"]
[Site "Stockholm"]
[Date "2018.09.01"]
[Round "3"]
[White "Ostensson, Julia"]
[Black "Johansson, Eva"]
[Result "0-1"]
[ECO "B00"]
[WhiteElo "1375"]
[BlackElo "1881"]
[Annotator "NA"]
[PlyCount "102"]
[EventDate "2018.09.01"]
[EventType "swiss"]
[EventCountry "SWE"]
[SourceTitle "playchess.com"]
[Source "ChessBase"]
[SourceQuality "1"]
[TimeControl "1800+10"]

1. e4 d6 2. d4 Nf6 3. Bd3 g6 4. Bg5 Bg7 5. Nf3 O-O {[%emt 0:00:30] B07: Pirc Defence: Miscellaneous Systems} 6. h3 c5 7. c3 Nc6 (7... h6 8. Be3 Qc7 9. Nbd2 b6 10. O-O Ba6 11. c4 cxd4 12. Nxd4 Nbd7 13. Rc1 Nc5 {0-1 (45) Costachi,M (2361)-Deac,B (2402) Calimanesti 2015}) 8. d5 Nb8 9. Qd2 c4 $146 ({Predecessor:} 9... Re8 10. c4 Na6 11. a3 Nc7 12. Nc3 e6 13. O-O-O exd5 14. exd5 {0-1 (37) Flitney,A-Ginat,M Melbourne 1982}) 10. Bxf6 Bxf6 11. Bxc4 Nd7 12. Qe2 Qb6 13. O-O Bg7 14. Bb3 Nc5 15. Nbd2 a5 16. Rab1 Bd7 17. Qe3 Qc7 18. Bc2 a4 19. Rbc1 Bb5 20. Rfe1 Nd7 21. c4 Ba6 22. Bxa4 Bxb2 23. Rc2 Bg7 24. Rec1 Rfc8 25. Bxd7 Qxd7 26. Qf4 h6 27. e5 g5 28. Qxf7+ Kxf7 $17 29. e6+ Ke8 30. exd7+ Kxd7 31. Re1 b5 32. Re4 Bb7 33. Ne1 Bf6 34. g3 Ra7 35. Kg2 Rca8 36. cxb5 Bxd5 37. b6 Rb7 38. f3 Bxe4 39. Nxe4 Rxb6 40. Nxf6+ exf6 41. Nd3 Rba6 42. Nb4 Ra4 43. Nd5 Rxa2 44. Nb6+ Kd8 45. Nxa8 Rxc2+ 46. Kg1 Rc6 47. Kf2 Kc8 48. Ke3 Kb7 49. f4 Kxa8 50. fxg5 fxg5 51. Kf3 Rc4 0-1

[Event "Pia Cramling Ladies Open 2018"]
[Site "Stockholm"]
[Date "2018.09.01"]
[Round "4"]
[White "Agrest, Inna"]
[Black "Mariano-Wågman, Christine Rose"]
[Result "1-0"]
[ECO "B01"]
[WhiteElo "2283"]
[BlackElo "1906"]
[Annotator "NA"]
[PlyCount "113"]
[EventDate "2018.09.01"]
[EventType "swiss"]
[EventCountry "SWE"]
[SourceTitle "playchess.com"]
[Source "ChessBase"]
[SourceQuality "1"]
[TimeControl "1800+10"]

1. e4 d5 2. exd5 Qxd5 3. Nc3 Qa5 4. Bc4 Nf6 5. Nf3 Bg4 6. h3 {[%emt 0:00:30] B01: Skandinavische Verteidigung} Bf5 (6... Bxf3 7. Qxf3 c6 8. O-O e6 9. d4 Be7 10. Ne4 Nbd7 11. Nxf6+ Nxf6 12. c3 O-O 13. Bf4 Qf5 14. Bd3 Qd5 15. Qe2 Rfd8 16. Be5 Nd7 17. Bg3 Nf6 18. Be5 Nd7 19. Bg3 {½-½ (19) Shanava,K (2556)-Azaladze,S (2443) Poti 2010}) 7. d3 e6 8. Bd2 c6 9. Qe2 Qc7 10. Bb3 $146 ({Vorgänger:} 10. Nd4 Bg6 11. Bg5 Be7 12. Qe3 h6 13. Bf4 Qb6 {0-1 (54) Michielsen,M-Looijer,C Rijswijk 2010}) 10... Nbd7 11. d4 Be7 12. Ne5 Nxe5 13. dxe5 Nd7 14. Bf4 Bb4 15. O-O Bxc3 16. bxc3 O-O 17. Rad1 Nc5 18. Bc1 Qa5 19. c4 Ne4 20. Rd4 Qxe5 21. c3 Bg6 22. Re1 f5 23. Rd7 Rad8 24. Rxd8 Rxd8 25. f3 Qxc3 26. fxe4 fxe4 $1 $11 27. Bb2 Qb4 28. Bc1 c5 $2 29. Rd1 Rf8 30. Bc2 b5 31. cxb5 e5 32. a3 Qc3 33. Bxe4 Be8 34. a4 c4 35. Bb2 Qg3 36. Bd5+ Kh8 37. Bxe5 Qg5 38. Bf3 $18 Bf7 39. Bc3 Re8 40. Qd2 Qg6 41. Qd4 h6 42. Qxa7 Be6 43. Qd4 Rf8 44. Be4 Qg3 45. Qe5 Qe3+ 46. Kh1 Rf6 47. Qb8+ Bg8 48. Bxf6 Qxe4 49. Bd4 Qe2 50. Rg1 Kh7 51. Qg3 Qe7 52. Re1 Qd7 53. Bc3 Bd5 54. b6 g5 55. a5 Qb7 56. Qf2 Be6 57. Rxe6 1-0

[Event "Pia Cramling Ladies Open 2018"]
[Site "Stockholm"]
[Date "2018.09.01"]
[Round "4"]
[White "Bengtsson, Siv"]
[Black "Olsson, Linn"]
[Result "1-0"]
[ECO "C62"]
[WhiteElo "2111"]
[BlackElo "1703"]
[Annotator "NA"]
[PlyCount "59"]
[EventDate "2018.09.01"]
[EventType "swiss"]
[EventCountry "SWE"]
[SourceTitle "playchess.com"]
[Source "ChessBase"]
[SourceQuality "1"]
[TimeControl "1800+10"]

1. e4 e5 2. Nf3 Nc6 3. Bb5 d6 4. d4 exd4 5. Nxd4 Bd7 6. O-O Nf6 7. Nc3 g6 8. Nxc6 bxc6 9. Bc4 Bg7 10. Bg5 O-O 11. Qd2 Qc8 12. Rad1 Be6 13. Bb3 $11 Re8 14. f3 Bxb3 15. axb3 Re5 16. Rfe1 Qe8 17. Bf4 Rh5 18. Ne2 Qe6 19. Nd4 Qd7 20. Qe2 c5 21. Nb5 a6 22. Nc3 Qe6 23. g4 Bh6 24. gxh5 Bxf4 25. hxg6 hxg6 26. Nd5 Nh5 27. Nxc7 Bxh2+ 28. Qxh2 Qc8 29. Nxa8 Qxa8 30. Qxd6 1-0

[Event "Pia Cramling Ladies Open 2018"]
[Site "Stockholm"]
[Date "2018.09.01"]
[Round "4"]
[White "Cramling Bellon, Anna"]
[Black "Tetenkina, Irina"]
[Result "1-0"]
[ECO "D35"]
[WhiteElo "2009"]
[BlackElo "2214"]
[Annotator "NA"]
[PlyCount "77"]
[EventDate "2018.09.01"]
[EventType "swiss"]
[EventCountry "SWE"]
[SourceTitle "playchess.com"]
[Source "ChessBase"]
[SourceQuality "1"]
[TimeControl "1800+10"]

1. d4 d5 2. c4 e6 3. Nc3 Nf6 4. cxd5 exd5 5. Bg5 Be7 6. e3 O-O 7. Bd3 Nbd7 8. Qc2 c6 9. Nf3 Re8 10. O-O Nf8 {[%emt 0:02:28] LiveBook: 2384 Games} 11. h3 Ne4 12. Bxe7 Qxe7 13. Bxe4 dxe4 14. Nd2 Bf5 {[%emt 0:02:51] D36: Queen's Gambit Declined: Exchange Variation: Main line (5 Bg5 c6 6 Qc2)} 15. f4 h5 16. Qd1 $146 ({Predecessor:} 16. a3 Nh7 17. b4 Nf6 18. Nc4 Nd5 19. Rac1 Rad8 20. Qe2 h4 21. Ne5 g6 22. Rc2 Kg7 23. Nxd5 Rxd5 24. Rc5 a5 25. Qb2 axb4 26. axb4 Qe6 27. Rfc1 Ra8 {½-½ (27) Pecorelli Garcia,H (2430)-Garcia,G (2525) Santa Clara 1996}) 16... h4 17. Qe1 Rad8 18. Kh2 Rd6 19. Nc4 Rg6 20. Ne5 Rg3 21. Ne2 Rxe3 22. Qf2 {[%emt 0:00:01] [#]} Rd3 $1 23. Nxd3 exd3 24. Nc3 Ng6 25. Rae1 Qd8 26. Rxe8+ Qxe8 27. Re1 Qb8 28. Rf1 $11 Qd6 29. Qe3 b6 30. Na4 Kh7 31. b3 Nf8 32. Nb2 Ne6 33. Nxd3 Nxd4 34. Ne5 f6 35. Nc4 Qd7 36. Qe1 g5 37. fxg5 fxg5 38. Qe5 c5 39. Ne3 1-0

[Event "Pia Cramling Ladies Open 2018"]
[Site "Stockholm"]
[Date "2018.09.01"]
[Round "4"]
[White "Bengtsson, Jessica"]
[Black "Tuominen, Tanja"]
[Result "1-0"]
[ECO "B22"]
[WhiteElo "1986"]
[BlackElo "2076"]
[Annotator "NA"]
[PlyCount "82"]
[EventDate "2018.09.01"]
[EventType "swiss"]
[EventCountry "SWE"]
[SourceTitle "playchess.com"]
[Source "ChessBase"]
[SourceQuality "1"]
[TimeControl "1800+10"]

1. e4 c5 2. c3 Nf6 3. e5 Nd5 4. d4 cxd4 5. Nf3 e6 6. cxd4 b6 7. Nc3 Nxc3 8. bxc3 Bb7 9. Bd3 d6 10. O-O Nd7 11. Re1 Qc7 12. Bf4 a6 13. Qe2 Qc6 14. d5 Qxd5 15. Bc4 Qc6 16. exd6 Nc5 17. Rad1 O-O-O 18. Qe5 Rd7 19. Qe2 Bxd6 20. Be3 Ne4 21. Rc1 b5 22. Bb3 Nc5 23. Bxc5 Bxc5 24. Qf1 Qc7 25. c4 b4 26. Ba4 Rd6 27. Rcd1 Bxf3 28. gxf3 Rhd8 29. Qe2 Rxd1 30. Rxd1 Rxd1+ 31. Qxd1 Qe7 32. Qd2 Bd6 33. Kg2 Kc7 34. Qe3 Bc5 35. Qf4+ e5 36. Qe4 Qd6 37. Kf1 g6 38. Kg2 Qf6 39. h4 Be7 40. Qa8 Qb6 41. Qe8 Qe6 1-0

[Event "Pia Cramling Ladies Open 2018"]
[Site "Stockholm"]
[Date "2018.09.01"]
[Round "4"]
[White "Puuska, Heini"]
[Black "Berg, Maria"]
[Result "1-0"]
[ECO "D00"]
[WhiteElo "1961"]
[BlackElo "1722"]
[Annotator "NA"]
[PlyCount "74"]
[EventDate "2018.09.01"]
[EventType "swiss"]
[EventCountry "SWE"]
[SourceTitle "playchess.com"]
[Source "ChessBase"]
[SourceQuality "1"]
[TimeControl "1800+10"]

1. d4 d5 2. Bg5 Bf5 3. Nf3 Nd7 4. c4 Ngf6 5. cxd5 Nxd5 6. Nc3 N7b6 7. e3 f6 8. Bh4 e6 9. Bd3 Bxd3 10. Qxd3 Bd6 11. O-O Qd7 12. Rac1 a6 13. a3 O-O 14. Ne4 Rae8 15. Nc5 Bxc5 16. dxc5 Ne7 17. Qb3 Qd5 18. Qc2 Nbc8 19. Rfd1 Qh5 20. Bg3 c6 21. Rd7 b5 22. Nd4 e5 23. Ne6 Rf7 24. Nc7 Ref8 25. Nxa6 Nd5 26. Rxf7 Qxf7 27. e4 Nc7 28. Nb4 Qe6 29. Rd1 Re8 30. f3 Kh8 31. Bf2 h6 32. Rd3 Re7 33. Rd8+ Re8 34. Qd3 Rxd8 35. Qxd8+ Ne8 36. h3 Kh7 37. Be3 Na7 1-0

[Event "Pia Cramling Ladies Open 2018"]
[Site "Stockholm"]
[Date "2018.09.01"]
[Round "4"]
[White "Berg Laachiri, Susanna"]
[Black "Reizniece-Ozola, Dana"]
[Result "0-1"]
[ECO "B08"]
[WhiteElo "1903"]
[BlackElo "2304"]
[Annotator "NA"]
[PlyCount "80"]
[EventDate "2018.09.01"]
[EventType "swiss"]
[EventCountry "SWE"]
[SourceTitle "playchess.com"]
[Source "ChessBase"]
[SourceQuality "1"]
[TimeControl "1800+10"]

1. e4 g6 2. d4 Bg7 3. Nf3 d6 4. Be2 Nf6 5. Nc3 O-O 6. O-O c6 7. Be3 b5 8. a3 {[%emt 0:00:27] B08: Pirc Defence: Classical System} Bb7 9. h3 a6 {[%emt 0:01:05] LiveBook: 5 Games} 10. Re1 (10. e5 Nd5 11. Nxd5 cxd5 12. Qd2 Nc6 13. exd6 Qxd6 14. Bf4 Qd7 15. Bh6 f6 {1-0 (36) Przybylski,W (2378)-Shirov,A (2691) Jurmala 2015}) 10... Qc7 11. e5 $146 ({Predecessor:} 11. Bf1 c5 12. e5 dxe5 13. dxe5 Ne8 14. Bf4 e6 15. Qe2 {1-0 (28) Wheeler,R (2016)-Diedrick,M (1829) Kingston 2016}) 11... Nd5 12. Nxd5 cxd5 13. Bf4 Nc6 14. exd6 exd6 15. c3 Rfe8 16. Qd2 Na5 17. Rab1 Nc4 18. Bxc4 dxc4 19. Rxe8+ Rxe8 20. Re1 Rxe1+ 21. Qxe1 Qd7 22. Qe3 Bf8 23. Bg5 Qe6 24. Qf4 f5 25. Bh6 Bxf3 26. gxf3 Be7 27. Bg5 Kf7 28. Bxe7 Qxe7 29. h4 Ke6 30. Kg2 Kd5 31. Qh6 Kc6 32. Kf1 Kb6 33. Qf4 Ka5 34. Qd2 Qxh4 35. Qe3 Qh1+ 36. Ke2 Qb1 37. Qd2 Ka4 38. Ke3 $19 Kb3 39. Kf4 Qxb2 40. Qd1+ Kxc3 0-1

[Event "Pia Cramling Ladies Open 2018"]
[Site "Stockholm"]
[Date "2018.09.01"]
[Round "4"]
[White "Rinne, Heini"]
[Black "Andersson, Christin"]
[Result "0-1"]
[ECO "D35"]
[WhiteElo "1760"]
[BlackElo "2077"]
[Annotator "NA"]
[PlyCount "104"]
[EventDate "2018.09.01"]
[EventType "swiss"]
[EventCountry "SWE"]
[SourceTitle "playchess.com"]
[Source "ChessBase"]
[SourceQuality "1"]
[TimeControl "1800+10"]

1. d4 d5 2. c4 e6 3. Nc3 Nf6 4. cxd5 exd5 5. Bg5 Bb4 6. Qb3 {[%emt 0:07:33] D35: Queen's Gambit Declined: Exchange Variation} (6. e3 h6 7. Bh4 g5 8. Bg3 Ne4 9. Qb3 c5 10. Bd3 Nc6 11. Bxe4 dxe4 12. d5 Na5 13. Qa4+ Qd7 14. Qxd7+ Bxd7 15. Nge2 {½-½ (29) Ding,L (2772)-Lodici,L (2407) Antalya 2017}) 6... Nc6 7. e3 Be6 8. Bb5 Be7 9. Nf3 O-O 10. Bxc6 bxc6 11. Ne5 $146 ({Predecessor:} 11. Bxf6 gxf6 12. Qc2 c5 13. dxc5 Bxc5 14. O-O Qe7 {1-0 (36) Williams,H (2305)-May,F (2141) Fishguard 2015}) 11... Bd7 12. O-O h6 13. Bh4 Nh7 14. Bxe7 Qxe7 15. Nxd7 Qxd7 16. Na4 Rab8 17. Qa3 Qd6 18. Nc5 f5 19. f4 Nf6 $16 20. Qc3 Rfe8 21. Rfe1 Ne4 22. Nxe4 Rxe4 23. b3 Rbe8 24. Rac1 R8e6 25. Kf2 Qe7 26. g3 g5 27. Qc5 Kf7 28. Qxe7+ Kxe7 29. Rc5 Kd7 30. Ra5 Re8 31. Rxa7 R4e6 32. Ra5 gxf4 33. gxf4 Rg8 34. Rc5 Reg6 35. Rec1 h5 36. Rh1 Rg2+ 37. Kf3 Rxa2 38. Rcc1 Rgg2 39. Rcf1 Rxh2 40. Rxh2 Rxh2 41. Kg3 Rb2 42. Kh4 Rxb3 43. Re1 Rb2 44. Rh1 Rb3 45. Rh3 Ke6 46. Kxh5 c5 47. dxc5 d4 48. Kg5 dxe3 49. Rh6+ Kd5 50. Kxf5 Kxc5 51. Re6 Kd4 52. Kg6 Rb6 0-1

[Event "Pia Cramling Ladies Open 2018"]
[Site "Stockholm"]
[Date "2018.09.01"]
[Round "4"]
[White "Nilsson, Kajsa"]
[Black "Fransson, Angelina"]
[Result "0-1"]
[ECO "B22"]
[WhiteElo "1704"]
[BlackElo "2004"]
[Annotator "NA"]
[PlyCount "98"]
[EventDate "2018.09.01"]
[EventType "swiss"]
[EventCountry "SWE"]
[SourceTitle "playchess.com"]
[Source "ChessBase"]
[SourceQuality "1"]
[TimeControl "1800+10"]

1. e4 c5 2. c3 Nf6 3. e5 Nd5 4. d4 cxd4 5. Nf3 g6 6. cxd4 Bg7 7. Bc4 Nb6 8. Bb3 d5 9. O-O O-O 10. Nc3 Nc6 11. Bf4 Bg4 12. Be3 Na5 13. Bc2 Nbc4 14. b3 Nxe3 15. fxe3 Rc8 16. Ne2 Nc6 17. Rc1 e6 18. Bb1 Ne7 19. Nc3 Qa5 20. Na4 Rxc1 21. Qxc1 Rc8 22. Qb2 Bh6 23. Qf2 Nf5 24. Bxf5 Bxf5 25. Nc5 Qc3 26. Re1 b6 27. Nd7 Bg7 28. Qh4 h5 29. Nf6+ Kf8 30. Ng5 Bxf6 31. Nh7+ Kg7 32. Nxf6 Qd2 33. Nd7 Be4 34. Qf6+ Kg8 35. Qf1 Rc2 36. Nf6+ Kf8 37. Nxe4 dxe4 38. h3 a5 39. Kh2 h4 40. a4 Qf2 41. Qxf2 Rxf2 42. Rc1 Re2 43. Rc3 Ke8 44. Rc6 Rxe3 45. Rxb6 Rd3 46. Rb5 e3 47. Kg1 Rd1+ 48. Kh2 e2 49. Rb8+ Kd7 0-1

[Event "Pia Cramling Ladies Open 2018"]
[Site "Stockholm"]
[Date "2018.09.01"]
[Round "4"]
[White "Fransson, Pia"]
[Black "Lindberg, Cajsa"]
[Result "1-0"]
[ECO "D10"]
[WhiteElo "1549"]
[BlackElo "1625"]
[Annotator "NA"]
[PlyCount "79"]
[EventDate "2018.09.01"]
[EventType "swiss"]
[EventCountry "SWE"]
[SourceTitle "playchess.com"]
[Source "ChessBase"]
[SourceQuality "1"]
[TimeControl "1800+10"]

1. d4 d5 2. Nf3 Nf6 3. c4 c6 4. cxd5 cxd5 5. Nc3 a6 6. Bf4 e6 7. e3 Bd6 8. Ne5 O-O 9. Bd3 Nc6 10. O-O Ne8 11. Rc1 f6 12. Nxc6 bxc6 13. Bxd6 Nxd6 14. Na4 Bd7 15. Nc5 e5 16. Bc2 Qe7 17. Qh5 e4 18. Qe2 a5 19. a4 f5 20. f3 Rf6 21. fxe4 Nxe4 22. Bxe4 dxe4 23. Rc3 Qd6 24. Rb3 Raf8 25. Qa6 f4 26. Nxe4 Qe6 27. Nxf6+ gxf6 28. Qd3 fxe3 29. Qxe3 Qxe3+ 30. Rxe3 Kf7 31. Rfe1 Re8 32. Rxe8 Bxe8 33. Rc1 Bd7 34. Rc5 Ke6 35. Rxa5 Kd6 36. b4 Be6 37. Kf2 Bd5 38. g3 Kc7 39. Ke3 Kb7 40. Kf4 1-0

[Event "Pia Cramling Ladies Open 2018"]
[Site "Stockholm"]
[Date "2018.09.01"]
[Round "4"]
[White "Ristoja, Aulikki"]
[Black "Johansson, Eva"]
[Result "0-1"]
[ECO "D00"]
[WhiteElo "1530"]
[BlackElo "1881"]
[Annotator "NA"]
[PlyCount "52"]
[EventDate "2018.09.01"]
[EventType "swiss"]
[EventCountry "SWE"]
[SourceTitle "playchess.com"]
[Source "ChessBase"]
[SourceQuality "1"]
[TimeControl "1800+10"]

1. d4 d5 2. Bf4 Nf6 3. e3 c6 4. Nd2 e6 5. h3 Be7 6. Ngf3 Nbd7 7. Bd3 O-O 8. c4 c5 9. Rc1 cxd4 10. exd4 b6 11. cxd5 Nxd5 12. Be5 Nxe5 13. dxe5 Nf4 14. Be4 Ba6 15. Rh2 Rc8 16. Rxc8 Qxc8 17. Qc2 Qxc2 18. Bxc2 Rc8 19. Nd4 Bc5 20. N2b3 Bb4+ 21. Kd1 Nd3 22. Bxd3 Bxd3 23. f4 a5 24. g4 a4 25. Nc1 Be4 26. Nce2 Ra8 0-1

[Event "Pia Cramling Ladies Open 2018"]
[Site "Stockholm"]
[Date "2018.09.01"]
[Round "4"]
[White "Johansson-Ohman, Linnea"]
[Black "Hellmer, Helena"]
[Result "0-1"]
[ECO "A45"]
[WhiteElo "1495"]
[BlackElo "1436"]
[Annotator "NA"]
[PlyCount "130"]
[EventDate "2018.09.01"]
[EventType "swiss"]
[EventCountry "SWE"]
[SourceTitle "playchess.com"]
[Source "ChessBase"]
[SourceQuality "1"]
[TimeControl "1800+10"]

1. d4 Nf6 2. Bf4 d6 3. Nf3 Nbd7 4. e3 g6 5. h3 Bg7 6. Be2 O-O 7. O-O Re8 8. c3 Ne4 9. Nbd2 d5 10. c4 e6 11. Nxe4 dxe4 12. Nd2 f5 13. f3 e5 14. dxe5 Bxe5 15. Bxe5 Rxe5 16. fxe4 fxe4 17. Nxe4 c6 18. Nf6+ Kg7 19. Qd6 Qe7 20. Qxe7+ Rxe7 21. Ng4 h5 22. Nh2 Rxe3 23. Rf2 Nf6 24. Raf1 Bf5 25. Bd1 Re5 26. Nf3 Rc5 27. Re2 Rf8 28. Bb3 Ne4 29. Rd1 a5 30. Nh4 Ng3 31. Re3 Ne4 32. Nxf5+ gxf5 33. Rd7+ Rf7 34. Rd4 Nf6 35. Rf3 Ne4 36. Bc2 Re5 37. Bxe4 Rxe4 38. Rxe4 fxe4 39. Re3 Re7 40. Kf2 Kf6 41. g4 hxg4 42. hxg4 Ke5 43. Kg3 Rf7 44. g5 Kd4 45. g6 Rg7 46. Kf4 Rxg6 47. Rxe4+ Kc5 48. a3 Rg2 49. b3 Rb2 50. Re3 Rd2 51. Ke5 Rd7 52. Rc3 Re7+ 53. Kf6 Re2 54. Rd3 Re1 55. Kf5 Re7 56. Kf4 b5 57. cxb5 Kxb5 58. Rd4 c5 59. Rd5 Kc6 60. Re5 Rf7+ 61. Ke4 Rd7 62. a4 Rd4+ 63. Kf3 Rb4 64. Re3 c4 65. bxc4 Rxc4 0-1